 Dungeon Crawl Stone Soup version 0.26.1-11-gd32895ea62 (webtiles) character file.

Game seed: 5562087870261603645

420 porcors3 the Twirler (level 6, -1/37 HPs)
             Began as a Tengu Gladiator on June 3, 2021.
             Slain by a mummy (14 damage)
             ... in an ossuary.
             The game lasted 00:08:28 (2826 turns).

porcors3 the Twirler (Tengu Gladiator)              Turns: 2826, Time: 00:08:29

Health: -1/37      AC:  4    Str: 14    XL:     6   Next: 94%
Magic:  7/7        EV: 16    Int:  9    God:
Gold:   116        SH:  0    Dex: 17    Spells: 5/5 levels left

rFire    + . .     SeeInvis .   a - +0 quarterstaff
rCold    + . .     Faith    .   (shield currently unavailable)
rNeg     . . .     Spirit   .   b - +0 leather armour
rPois    +         Reflect  .   c - +0 hat
rElec    .         Harm     .   h - scarf {rC+ rF+}
rCorr    .         Rampage  .   l - +0 pair of gloves
Will     .....                  (boots unavailable)
Stlth    +.........             (no amulet)
HPRegen  0.12/turn              g - ring of poison resistance
MPRegen  0.10/turn              (no ring)

@: marked, flying quickly and evasively, quick
A: beak, talons 3, able to fly
a: Stop Flying


You were in an ossuary.
You visited 1 branch of the dungeon, and saw 4 of its levels.
You also visited: Ossuary.

You collected 116 gold pieces.

Inventory:

Hand Weapons
 a - a +0 quarterstaff (weapon)
Missiles
 d - 3 throwing nets (quivered)
Armour
 b - a +0 leather armour (worn)
 c - a +0 hat (worn)
 e - a +0 ring mail
 h - a scarf of resistance (worn)
 l - a +0 pair of gloves (worn)
Jewellery
 g - a ring of poison resistance (left hand)
 q - an uncursed ring of flight {unknown}
Scrolls
 f - 3 scrolls of remove curse {unknown}
 i - 2 scrolls of random uselessness {unknown}
 k - 5 scrolls of identify {unknown}
 n - a scroll of magic mapping {unknown}
 p - 2 scrolls of teleportation
Potions
 j - a potion of haste {unknown}
 m - a potion of resistance {unknown}
 o - a potion of invisibility {unknown}
 r - a potion of curing {unknown}
 s - a potion of berserk rage {unknown}


   Skills:
 + Level 3.5 Fighting
 + Level 7.2 Staves
 - Level 2.0 Throwing
 + Level 1.4 Armour
 + Level 3.5 Dodging


You had 5 spell levels left.
You didn't know any spells.
Your spell library was empty.

Dungeon Overview and Level Annotations

Branches:
Dungeon (4/15)             Temple (0/1) D:4         Ossuary (1/1)

Altars:
Zin


Innate Abilities, Weirdness & Mutations

You have a beak for a mouth.
You have claws for feet.
You can fly continuously.


Message History

The big kobold zombie blinks!
You blink.
Found a gate leading back out of this place.
You sock the centaur zombie! You claw the centaur zombie!
The centaur zombie is heavily damaged.
The centaur zombie hits you.
You sock the centaur zombie! You claw the centaur zombie!
The centaur zombie is almost destroyed.
The centaur zombie misses you.
You sock the centaur zombie!
You destroy the centaur zombie!
You barely miss the big kobold zombie. You peck the big kobold zombie.
The big kobold zombie is almost destroyed.
The big kobold zombie closely misses you.
The centaur zombie misses you. The mummy barely misses you.
You barely miss the big kobold zombie. You claw the big kobold zombie.
You destroy the big kobold zombie!
The centaur zombie misses you.
The big kobold zombie completely misses you.
The mummy hits you!
You die...

#....ZZ.#
##^..^.##
#.......#
##.....##
#.M.....#
##Z....##
##M^^^^##
#!.....!#
#ZZ@...?#
#?ZM...!#
#?.....?#
##.....##
##...##
##∩## ###


You could see 3 mummies, 2 big kobold zombies and 2 centaur zombies.

Vanquished Creatures
  Sigmund (D:2)
  A bullfrog (D:4)
  A centaur zombie (Ossuary)
  A hound (D:4)
  A big kobold zombie (Ossuary)
  An adder (D:3)
  3 gnolls (D:3)
  An adder skeleton (D:4)
  3 worms
  3 orcs (D:3)
  12 bats
  4 giant cockroaches
  9 goblins
  10 hobgoblins
  7 kobolds
  3 frilled lizards
  A hobgoblin zombie (Ossuary)
  A quokka skeleton (D:4)
  6 rats
69 creatures vanquished.

Notes
Turn   | Place    | Note
-------+----------+-------------------------------------------
     0 | D:1      | porcors3 the Tengu Gladiator began the quest for the Orb.
     0 | D:1      | Reached XP level 1. HP: 12/12 MP: 2/2
   618 | D:1      | Reached XP level 2. HP: 16/17 MP: 3/3
   733 | D:1      | Reached skill level 4 in Staves
  1200 | D:2      | Reached XP level 3. HP: 21/21 MP: 4/4
  1201 | D:2      | Noticed Sigmund
  1608 | D:3      | Reached skill level 5 in Staves
  1608 | D:3      | Reached XP level 4. HP: 27/27 MP: 5/5
  1643 | D:3      | Found a glowing silver altar of Zin.
  2407 | D:2      | Killed Sigmund
  2408 | D:2      | Reached skill level 6 in Staves
  2408 | D:2      | Reached skill level 1 in Armour
  2408 | D:2      | Gained mutation: You can fly continuously. [Tengu growth]
  2408 | D:2      | Reached XP level 5. HP: 21/32 MP: 6/6
  2408 | D:2      | Reached XP level 6. HP: 25/37 MP: 7/7
  2730 | D:4      | Reached skill level 7 in Staves
  2755 | D:4      | Found a staircase to the Ecumenical Temple.
  2796 | D:4      | Found a sand-covered staircase.
  2803 | Ossuary  | Entered an ossuary
  2826 | Ossuary  | Slain by a mummy

Illustrated notes

Levels and vault maps discovered:
D:1:      mrwooster_arrival_statue, layout_basic, serial_bayou_pond_e
D:2:      layout_loops_ring, uniq_sigmund
D:3:      layout_loops_ring, zin_statuary
D:4:      layout_loops_ring, minmay_temple_entry_overgrown,
          nicolae_ossuary_entry_ruins
Ossuary:  ossuary_the_hunt_dpeg

Skill      XL: |  1  2  3  4  5  6 |
---------------+-------------------+-----
Staves         | 4 5 6 7 |  7.2
Fighting       | 3 |  3.5
Armour         | 1 |  1.4
Throwing       | |  2.0
Dodging        | |  3.5

Action                   |  1- 3 |  4- 6 || total
-------------------------+-------+-------++-------
Melee: Quarterstaff      |    67 |    94 ||   161
       Kick              |    21 |    31 ||    52
       Peck              |     7 |    19 ||    26
 Abil: Fly               |       |     1 ||     1
  Use: Scroll            |     2 |       ||     2
 Stab: Sleeping          |       |     1 ||     1
Armor: Leather armour    |    24 |    16 ||    40
Dodge: Dodged            |    56 |    58 ||   114
